Unix NetHack Version 5.0.0-0 post-release - last build May 10 2026 23:12:36 (d1fa5d53e341ca933230fdaa984d921c805b60aa,branch:main).

Game began 2026-05-15 14:44:59, ended 2026-05-15 15:00:13.

Draagus, lawful female dwarven Archeologist

                                                               ---
                                                          -----..
                                                        ---.....    --
                                                         ......--- ..--
                                                         |..@.........|
                                                       ---.^..........|
                                                       |..............-
                                                       |.<.|.|.........-
                                                       --.----  ............
                                                        ---      ...........|
                                                                 ---........-
                                                                      ..-- ...
                                                                        |  - .|
                                                                             --

Draagus the Field Worker   St:18 Dx:11 Co:10 In:14 Wi:16 Ch:7  Lawful
Dlvl:5  $:80 HP:0(28) Pw:19(19) AC:9  Xp:3 T:1445  Blind Deaf

Latest messages:
 You materialize in a different location!
 Really step into that teleportation trap? [yn] (n) y
 You materialize in a different location!
 You start digging.
 You hit the rock with all your might.
 You make an opening in the wall.
 You kill the kobold lady!
 You see here a touchstone.
 You start digging.
 You hit the rock with all your might.
 You make an opening in the wall.
 You start digging.
 You hit the rock with all your might.
 You make an opening in the wall.
 You start digging.
 You hit the rock with all your might.
 You make an opening in the wall.
 You start digging.
 You hit the rock with all your might.
 You make an opening in the wall.
 You swap places with the peaceful dwarf.
 You swap places with the peaceful gnome.
 You see here a cloudy potion.
 z - a cloudy potion.
 You see here a touchstone.
 You see here a touchstone.
 You see here a leash.
 Really step onto that squeaky board? [yn] (n) y
 A board beneath you squeaks a D note loudly.
 You hear crashing rock.
 You see here a touchstone.
 You hit the kobold lord.
 You kill the kobold lord!
 You descend the stairs.
 You are momentarily blinded by a flash of light!
 You hear a deafening roar!
 You feel an unseen monster!
 It hits!
 It bites!
 It hits!
 It bites!
 What do you want to drink? [oz or ?*] z
 Your feet are frozen to the floor!
 It hits!
 You die...
 Do you want your possessions identified? [ynq] (y) y
 Do you want to see your attributes? [ynq] (y) y
 Do you want an account of creatures vanquished? [ynaq] (y) y
 Do you want to see your conduct and achievements? [ynq] (y) y
 Do you want to see the dungeon overview? [ynq] (y) y

Inventory:
 Coins    ('$')
  $ - 80 gold pieces
 Weapons  (')')
  a - a +2 bullwhip (alternate weapon; not wielded)
 Armor    ('[')
  c - an uncursed +0 fedora (being worn)
  b - a blessed +0 leather jacket (being worn)
 Comestibles  ('%')
  m - an uncursed cream pie
  d - 4 uncursed food rations
 Scrolls  ('?')
  j - an uncursed scroll of enchant armor
 Potions  ('!')
  o - a blessed potion of sleeping
 Rings    ('=')
  p - an uncursed ring of free action
 Wands    ('/')
  w - a wand of cancellation (0:3)
 Tools    ('(')
  h - an empty uncursed sack
  e - a +0 pick-axe (weapon in left hand)
  f - a tinning kit (0:99)
 Gems/Stones  ('*')
  s - an uncursed chrysoberyl stone
  q - an uncursed jet stone
  g - an uncursed touchstone

Draagus the Archeologist's attributes:

Background:
 You were a Field Worker, a level 3 female dwarven Archeologist.
 You were lawful, nominally on a mission for Quetzalcoatl
 who was opposed by Camaxtli (neutral) and Huhetotl (chaotic).
 You were left-handed.
 You were in the Gnomish Mines, on level 5.
 You entered the dungeon 1445 turns ago.
 You had 63 experience points, 17 more were needed to attain level 4.

Basics:
 You had 0 out of 28 hit points.
 You had all 19 energy points (spell power).
 Your armor class was 9.
 Your wallet contained 80 zorkmids.
 Autopickup was off.

Final Characteristics:
 Your strength was 18 (limit:18/100).
 Your dexterity was 11 (limit:20).
 Your constitution was 10 (limit:20).
 Your intelligence was 14 (limit:16).
 Your wisdom was 16 (limit:16).
 Your charisma was 7 (limit:16).

Final Status:
 You were temporarily blind.
 You were deaf.
 You weren't hungry.
 You were unencumbered.
 You were wielding a pick-axe.
 You had basic skill with pick-axe.

Final Attributes:
 You were devoutly aligned.
 You had automatic searching.
 You had infravision.
 You were fast.
 You were lucky.
 You are dead.

Miscellaneous:
 You didn't encounter any bones levels.
 Total elapsed playing time was 15 minutes and 13 seconds.

Major events:
 Turn
    1: Draagus the lawful female dwarven Archeologist entered the dungeon
  834: entered the Gnomish Mines
 1172: attained the rank of Field Worker (level 3)
 1445: killed by a hobgoblin, while frozen by a potion

You didn't know any spells.

Skills:
 Fighting Skills
   bare handed combat [Unskilled]
   two weapon combat  [Unskilled]
   riding             [Unskilled]
 Weapon Skills
   dagger             [Unskilled]
   knife              [Unskilled]
   pick-axe           [Basic]
   short sword        [Unskilled]
   saber              [Unskilled]
   club               [Unskilled]
   quarterstaff       [Unskilled]
   sling              [Unskilled]
   dart               [Unskilled]
   boomerang          [Unskilled]
   whip               [Basic]
   unicorn horn       [Unskilled]
 Spellcasting Skills
   attack spells      [Unskilled]
   healing spells     [Unskilled]
   divination spells  [Unskilled]
   matter spells      [Unskilled]

Voluntary challenges:
 Character rerolling was not enabled.
 You were an atheist.
 You never genocided any monsters.
 You never polymorphed an object.
 You never changed form.
 You used no wishes.
Achievements:
 You entered the Gnomish Mines.
 You attained the rank of Field Worker.

 The Dungeons of Doom: levels 1 to 3
    Level 1:
       Some fountains.
    Level 2:
       Some fountains.
       Stairs down to The Gnomish Mines.
    Level 3:
 The Gnomish Mines: levels 3 to 5
    Level 3:
    Level 4:
    Level 5: <- You were here.
       Final resting place for
          you, killed by a hobgoblin, while frozen by a potion.


Vanquished creatures:
  2 kobold leaders
  a giant bat
  a gnome
  2 geckos
  4 jackals
  2 foxes
  2 goblins
  3 sewer rats
  a lichen
  3 newts
21 creatures vanquished.

No species were genocided or became extinct.

Game over:
                       ----------
                      /          \
                     /    REST    \
                    /      IN      \
                   /     PEACE      \
                  /                  \
                  |     Draagus      |
                  |      80 Au       |
                  |   killed by a    |
                  |    hobgoblin     |
                  |                  |
                  |                  |
                  |       2026       |
                 *|     *  *  *      | *
        _________)/\\_//(\/(/\)/\//\/|_)_______

Goodbye Draagus the Archeologist...

You died in The Gnomish Mines on dungeon level 5 with 554 points,
and 80 pieces of gold, after 1445 moves.
You were level 3 with a maximum of 28 hit points when you died.

